AoeStats
← Secking13

Arabia

510613489Analyzed
1v1 RM · 2d ago on Oct 1, 2026· 42m 29s· 2 players
Game mode
Random Map
Map size
Tiny (2 player)
Population
200
Speed
Normal
Resources
Standard
Victory
Conquest
Starting age
Dark Age
Ending age
Imperial Age
RankedLock teamsTeams togetherTeam positionsShared explorationLock speedFull tech treeHidden civsTurbo modeCheats
Victory
Defeat
🇹🇷 Byzantines · Türkiye
1079
+17
🇦🇷 Chinese · Argentina
1094
-17
Secking13
4:05 Loom
12:01 Feudal Age
13:19 Double-Bit Axe
15:17 Horse Collar
22:29 Forging
25:34 Castle Age
24:17 Scale Barding Armor
24:49 Fletching
24:59 Padded Archer Armor
25:04 Gold Mining
25:05 Stone Mining
25:14 Stone Mining
25:22 Stone Mining
26:02 Scale Mail Armor
25:45 Elite Skirmisher
25:55 Elite Skirmisher
28:12 Leather Archer Armor
31:04 Thumb Ring
31:10 Husbandry
35:01 Ballistics
35:38 Wheelbarrow
38:34 Imperial Age
36:23 Bodkin Arrow
37:15 Bow Saw
37:09 Heavy Plow
38:11 Iron Casting
39:38 Conscription
41:17 Ring Archer Armor
40:48 Bracer
41:40 Heavy Camel Rider
Rhomanofk
0:33 Loom
13:13 Feudal Age
13:41 Double-Bit Axe
18:46 Bloodlines
22:18 Wheelbarrow
22:35 Scale Barding Armor
22:41 Forging
23:01 Horse Collar
23:24 Gold Mining
27:45 Castle Age
26:10 Town Watch
27:10 Scale Mail Armor
27:42 Stone Mining
28:08 Fletching
28:18 Light Cavalry
29:39 Bow Saw
30:47 Pikeman
33:26 Town Patrol
33:52 Elite Skirmisher
35:10 Bodkin Arrow
38:54 Padded Archer Armor
40:48 Hand Cart
40:45 Squires
42:15 Thumb Ring
Connection lost

Rejoining the realm…

Still unreachable

The connection could not be restored.

Session expired

The server has moved on; the page needs a fresh start.